 Dungeon Crawl Stone Soup version 0.24.0-37-gcf1ca852f1 (webtiles) character file.

Game seed: 6080832613200212750, levelgen mode: deterministic

133 Belius the Skirmisher (level 5, 0/43 HPs)
             Began as a Formicid Abyssal Knight on Dec 5, 2019.
             Was a Follower of Lugonu.
             Succumbed to a worker ant's poison
             ... on level 6 of the Dungeon.
             The game lasted 00:10:04 (3496 turns).

Belius the Skirmisher (Formicid Abyssal Knight)     Turns: 3496, Time: 00:10:04

Health: 0/43       AC:  5    Str: 17    XL:     5   Next: 39%
Magic:  6/6        EV: 16    Int: 12    God:    Lugonu [*.....]
Gold:   75         SH:  0    Dex: 15    Spells: 4/4 levels left

rFire    . . .     SeeInvis +   a - +1 falchion
rCold    . . .     Gourm    .   (no shield)
rNeg     . . .     Faith    .   e - +0 ring mail
rPois    .         Spirit   .   (helmet unavailable)
rElec    .         Reflect  .   (no cloak)
rCorr    .         Harm     .   (no gloves)
MR       .....                  (no boots)
Stlth    ++........             (no amulet)
HPRegen  0.14/turn              (no ring)
MPRegen  0.10/turn              (no ring)

@: agile, lethally poisoned (0 -> -6), flying, very slightly contaminated,
invisible
A: permanent stasis, dig shafts and tunnels, four strong arms, antennae 3
a: Dig, Shaft Self, Depart the Abyss, Renounce Religion


You were on level 6 of the Dungeon.
You worshipped Lugonu.
Lugonu was aware of your devotion.
You were not hungry.

You visited 1 branch of the dungeon, and saw 6 of its levels.
You visited the Abyss 1 time.

You collected 75 gold pieces.

Inventory:

Hand Weapons
 a - a +1 falchion (weapon)
 k - a +2 dagger of venom
Armour
 e - a +0 ring mail (worn)
 l - a +0 robe of resistance
 n - a +2 leather armour of poison resistance
 o - a +0 scale mail
Magical Staves
 p - an uncursed staff of summoning {unknown}
Jewellery
 i - an uncursed ring of protection from fire {unknown}
Scrolls
 b - 2 scrolls of immolation
 f - 2 scrolls of identify
 g - a scroll of magic mapping
 h - 2 scrolls of fear
 j - 2 scrolls of enchant weapon
 s - a scroll of amnesia {unknown}
Potions
 d - a potion of agility
 m - 2 potions of invisibility
Comestibles
 c - 10 rations
 t - a chunk of flesh


   Skills:
 + Level 4.6 Fighting
 + Level 3.1 Long Blades
 + Level 3.5 Armour
 - Level 1.0 Dodging
 + Level 0.6 Stealth
 + Level 2.4 Invocations


You had 4 spell levels left.
You didn't know any spells.
Your spell library was empty.

Dungeon Overview and Level Annotations

Branches:
Dungeon (7/15)
 Temple: D:4-7

Altars:
Yredelemnul
The Shining One


Innate Abilities, Weirdness & Mutations

You cannot be hasted, slowed, berserked, paralysed or teleported.
You can dig through walls and to a lower floor.
Your four strong arms can wield two-handed weapons with a shield.
You have a pair of large antennae on your head. (SInv)


Message History

* * * LOW HITPOINT WARNING * * *
You feel sick. The worker ant closely misses you.
The worker ant barely misses you.
* * * LOW HITPOINT WARNING * * *
You feel sick.
It was a potion of haste.
Your stasis prevents you from being hasted.
* * * LOW HITPOINT WARNING * * *
You feel sick.
The worker ant bites you but does no damage.
* * * LOW HITPOINT WARNING * * *
You feel sick.
* * * LOW HITPOINT WARNING * * *
You feel sick.
* * * LOW HITPOINT WARNING * * *
You feel sick.
It was a potion of flight.
You feel very buoyant.
You fly up into the air.
You die...

.......# # ......#
.. .....# ...
....# ....####
#...#
.......#######...#
.........{.....>(#
.#..##########...#
# #..@# #####


There were no monsters in sight!

Vanquished Creatures
  An orc wizard (D:2)
  4 adders (D:2)
  An ooze (D:2)
  6 leopard geckos
  9 orcs
  5 giant cockroaches
  4 hobgoblins
  2 ball pythons
  3 bats
  A frilled lizard (D:2)
  4 goblins
  5 kobolds
  5 rats
50 creatures vanquished.

Notes
Turn   | Place    | Note
-------+----------+-------------------------------------------
     0 | Abyss:1  | Belius the Formicid Abyssal Knight began the quest for the
                  | Orb.
     0 | Abyss:1  | Reached XP level 1. HP: 18/18 MP: 2/2
    68 | Abyss:1  | Found a corrupted altar of Lugonu.
   114 | Abyss:1  | Noticed an iron imp
   117 | D:1      | Escaped the Abyss
   426 | D:1      | Reached XP level 2. HP: 24/24 MP: 3/3
   444 | D:1      | Reached skill level 1 in Dodging
   566 | D:1      | You fall into a shaft and drop 1 floor!
   578 | D:2      | Reached * piety under Lugonu
   970 | D:2      | Reached XP level 3. HP: 24/30 MP: 4/4
  1060 | D:2      | Reached skill level 4 in Fighting
  1413 | D:2      | Reached XP level 4. HP: 33/37 MP: 5/5
  2517 | D:2      | Reached XP level 5. HP: 39/43 MP: 6/6
  3024 | D:3      | Found a basalt altar of Yredelemnul.
  3029 | D:3      | Found a glowing golden altar of the Shining One.
  3031 | D:3      | Noticed an angel
  3454 | D:4      | You fall into a shaft and drop 3 floors!
  3492 | D:6      | HP: 2/43 [poisoned by a worker ant]
  3496 | D:6      | Succumbed to a worker ant's poison

Levels and vault maps discovered:
D:1:      scummos_arrival_simple_fountains, layout_loops_ring
D:2:      layout_basic, kennysheep_generic_room_13
D:3:      layout_loops_ring, grunt_temple_overflow_holy_war, first_ration
D:4:      layout_loops_corners, kennysheep_little_box, kennysheep_mini_moat,
          gup_sewer_entry_spiral, tgw_trog
D:6:      layout_rooms, minmay_temple_entry_wispy,
          lightli_ossuary_entry_decrepit_ruins, chequers_serial_rivers_small_b,
          led_sif_book
D:7:      kennysheep_big_flooded_room, layout_cave_pods, old_standard_altar,
          grunt_temple_overflow_order_and_chaos_1, gammafunk_ghost_cemetery,
          nicolae_zen_rock_garden, uniq_prince_ribbit1

Skill      XL: |  1  2  3  4  5 |
---------------+----------------+-----
Dodging        | 1 |  1.0
Fighting       | 4 |  4.6
Armour         | 3 |  3.5
Long Blades    | 3 |  3.1
Stealth        | |  0.6
Invocations    | |  2.4

Action                   |  1- 3 |  4- 6 || total
-------------------------+-------+-------++-------
Melee: Falchion          |    86 |    85 ||   171
Invok: Depart the Abyss  |     1 |       ||     1
 Abil: Shaft Self        |     1 |       ||     1
       Dig               |       |     3 ||     3
  Use: Potion            |     2 |     4 ||     6
       Scroll            |       |     6 ||     6
 Stab: Sleeping          |       |     1 ||     1
  Eat: Chunk             |     1 |     8 ||     9
Armor: Leather armour    |    27 |     9 ||    36
       Ring mail         |       |    22 ||    22
Dodge: Dodged            |    61 |    54 ||   115
       Rpst.: Falchion   |    22 |    20 ||    42
